 Seeded DCSS version 0.32-a0-918-g0f22ef8d61 (webtiles) character file.

Game seed: 202404111 (custom seed)

809 Orlauf the Twirler (level 7, 0/57 HPs)
             Began as a Demonspawn Gladiator on Apr 11, 2024.
             Splashed by a jelly's acid (3 damage)
             ... on level 5 of the Dungeon.
             The game lasted 00:08:06 (3295 turns).

Orlauf the Twirler (Demonspawn Gladiator)           Turns: 3295, Time: 00:08:06

Health: 0/57       AC:  4    Str: 16    XL:     7   Next: 61%
Magic:  7/7        EV: 15    Int:  9    God:
Gold:   198        SH:  0    Dex: 14    Spells: 6/6 levels left

rFire   + . .        a - +1 quarterstaff
rCold   + . .        (shield currently unavailable)
rNeg    . . .        f - +0 ring mail
rPois   +            c - +0 helmet
rElec   +            n - +0 cloak
rCorr   +            (no gloves)
SInv    .            (no boots)
Will    .....        (no amulet)
Stlth   +            (no ring)
HPRegen 0.29/turn    (no ring)
MPRegen 0.10/turn

%: no passive effects
@: agile, lethally poisoned (0 -> -6), resistant, corroded
A: hooves 1, rugged brown scales 1, powered by pain 1, demonic magic 1
a: no special abilities


You were on level 5 of the Dungeon.
You visited 1 branch of the dungeon, and saw 5 of its levels.
You also visited: Sewer.

You collected 198 gold pieces.

Inventory:

Hand Weapons
 a - a +1 quarterstaff (weapon)
 b - a +3 shortbow of electrocution
Missiles
 d - 3 throwing nets
 e - a javelin (quivered)
Armour
 c - a +0 helmet (worn)
 f - a +0 ring mail (worn)
 n - a +0 cloak (worn)
Jewellery
 i - a ring of magical power
 l - an amulet of faith
 r - a ring of wizardry
Wands
 p - a wand of mindburst (17)
Potions
 h - a potion of enlightenment {unknown}
 j - 2 potions of might
 k - a potion of mutation
 m - 2 potions of curing {unknown}
 o - a potion of berserk rage {unknown}


   Skills:
 + Level 5.3 Fighting
 * Level 6.9 Staves
 - Level 1.7 Throwing
 - Level 2.6 Dodging


You had 6 spell levels left.
You didn't know any spells.
Your spell library contained the following spells:

 Spells                   Type           Power      Damage    Failure   Level
 Call Imp                 Summ           0%         N/A       75%         2
 Sublimation of Blood     Necr           0%         N/A       75%         2
 Inner Flame              Hex/Fire       0%         N/A       93%         3
 Tukima's Dance           Hex            0%         N/A       93%         3
 Dimensional Bullseye     Hex/Tloc       0%         N/A       100%        4
 Flame Wave               Conj/Fire      0%         2d4       100%        4
 Iskenderun's Mystic Bla Conj/Tloc 0%             2d3        (+2d1     100%        4
 Sticky Flame             Fire/Alch      0%         2d4       100%        4
 Summon Hydra             Summ           0%         N/A       100%        7


Dungeon Overview and Level Annotations

Branches:
Dungeon (5/15)              Sewer (visited)
 Temple: D:4-7

Altars:
Cheibriados
Xom

Shops:
D:3 (


Innate Abilities, Weirdness & Mutations

You have large cloven feet.
You are partially covered in rugged brown scales. (AC +1, +3% HP)
You sometimes gain a little power by taking damage.
Spells you cast may paralyse adjacent enemies.


Message History

The adder bites you but does no damage.
You barely miss the adder. You kick the adder.
The adder is lightly wounded.
The adder bites you but does no damage.
You miss the adder.
The adder is lightly wounded.
The adder closely misses you. The adder bites you but does no damage.
The jelly hits you. The acid corrodes you!
You are splashed with acid!
You closely miss the adder.
The adder is lightly wounded.
The adder bites you. The jelly barely misses you.
You miss the adder.
The adder is lightly wounded.
The adder barely misses you. The jelly barely misses you.
You barely miss the adder. Your kick misses the adder.
The adder is lightly wounded.
The adder bites you.
You are poisoned.
The adder poisons you! The adder bites you.
You are more poisoned.
The adder poisons you! The jelly hits you.
You are splashed with acid!
You focus on the pain.
You feel agile all of a sudden.
You are too injured to fight recklessly!
You are too injured to fight recklessly!
You hit the adder. Your kick misses the adder.
The adder is heavily wounded.
You feel very sick. The adder bites you. The jelly hits you.
You are splashed with acid!
* * * LOW HITPOINT WARNING * * *
Unknown command.
It was a potion of resistance.
You feel protected.
* * * LOW HITPOINT WARNING * * *
You feel sick. The adder bites you.
* * * LOW HITPOINT WARNING * * *
The jelly hits you.
* * * LOW HITPOINT WARNING * * *
You are splashed with acid.
You resist.
You die...

...#####
#......######
#......#....#
#.<....#....#
#####......###'##
#......#'####..#
#......#.......#
#......#.......#
#......######@.#
#......# #SJ# #
#......#
##..###..#
#......+
#........#
###+...#
##..........
#..........
#........###
####+#####


You could see a jelly and an adder.

Vanquished Creatures
  Grinder (D:4)
  An ogre (D:4)
  A phantom (D:4)
  2 bullfrogs (Sewer)
  2 hounds (D:4)
  2 iguanas
  4 gnolls (D:4)
  A river rat (D:3)
  6 adders
  10 dart slugs
  4 ribbon worms
  4 orcs (D:3)
  10 ball pythons
  4 bats
  7 endoplasms
  6 giant cockroaches
  3 goblins
  5 hobgoblins
  7 jackals
  2 quokkas (D:3)
  13 frilled lizards
  7 kobolds
  4 rats
106 creatures vanquished.

Notes
Turn   | Place    | Note
-------+----------+-------------------------------------------
     0 | D:1      | Orlauf the Demonspawn Gladiator began the quest for the
                  | Orb.
     0 | D:1      | Reached XP level 1. HP: 16/16 MP: 1/1
    61 | D:1      | Reached skill level 3 in Staves
   158 | D:1      | Gained mutation: You are partially covered in rugged brown
                  | scales. (AC +1, +3% HP) [demonic ancestry]
   158 | D:1      | Reached XP level 2. HP: 16/22 MP: 2/2
   482 | D:1      | Gained mutation: You have large cloven feet. [demonic
                  | ancestry]
   482 | D:1      | Reached XP level 3. HP: 28/28 MP: 3/3
  1287 | D:3      | Found a faded altar of an unknown god.
  1331 | D:3      | Found Illatey's Weapon Boutique.
  1419 | D:3      | Reached skill level 4 in Staves
  1419 | D:3      | Reached XP level 4. HP: 30/36 MP: 4/4
  1501 | D:3      | Found a glowing drain.
  1509 | Sewer    | Entered a sewer
  1751 | Sewer    | Gained mutation: Spells you cast may paralyse adjacent
                  | enemies. [demonic ancestry]
  1751 | Sewer    | Reached XP level 5. HP: 42/42 MP: 5/5
  1825 | Sewer    | Reached skill level 5 in Staves
  1835 | Sewer    | Reached XP level 6. HP: 26/49 MP: 6/6
  2130 | D:3      | Found a snail-covered altar of Cheibriados.
  2364 | D:3      | Found a shimmering altar of Xom.
  2438 | D:4      | Noticed Grinder
  2445 | D:4      | Paralysed by Grinder for 4 turns
  2456 | D:4      | Paralysed by Grinder for 2 turns
  2469 | D:4      | Killed Grinder
  2470 | D:4      | Reached skill level 6 in Staves
  2609 | D:4      | Gained mutation: You sometimes gain a little power by
                  | taking damage. [demonic ancestry]
  2609 | D:4      | Reached XP level 7. HP: 50/56 MP: 7/7
  2874 | D:4      | Reached skill level 5 in Fighting
  3261 | D:5      | Entered Level 5 of the Dungeon
  3295 | D:5      | Splashed by a jelly's acid

Illustrated notes

Levels and vault maps discovered:
D:1:      minmay_arrival_floating_metal, layout_rooms, minmay_misc_feat_plants
D:2:      layout_basic
D:3:      layout_rooms, general_overflow_altar, slow_altar_1,
          shapermc_ecumenical_altar_pompeii, gup_sewer_entry_bubbles,
          serial_shops, nicolae_lakefront_shop, kennysheep_generic_room_2
D:4:      layout_basic, uniq_grinder
D:5:      layout_gridville, mainiacjoe_overflow_swirl, serial_rivers,
          chequers_serial_rivers_micro_a, chequers_serial_rivers_micro_b,
          chequers_serial_rivers_large_a, chequers_serial_rivers_room_a,
          chequers_serial_rivers_micro_e, uniq_eustachio, uniq_duvessa,
          uniq_sigmund

Skill      XL: |  1  2  3  4  5  6  7 |
---------------+----------------------+-----
Staves         | 3 4 5 6 |  6.9
Fighting       | 3 4 5 |  5.3
Throwing       | |  1.7
Dodging        | |  2.6

Action                     |  1- 3 |  4- 6 |  7- 9 || total
---------------------------+-------+-------+-------++-------
  Melee: Quarterstaff      |   110 |   193 |    63 ||   366
         Kick              |    20 |    29 |    17 ||    66
   Fire: Shortbow          |       |     4 |       ||     4
  Throw: Javelin           |       |     1 |     1 ||     2
    Use: Scroll            |     7 |     2 |     1 ||    10
         Potion            |     2 |     1 |     1 ||     4
 Armour: Ring mail         |    96 |   166 |    47 ||   309
         Leather armour    |     4 |       |       ||     4
  Dodge: Dodged            |    82 |   146 |    30 ||   258

Table legend: (Time is in decaauts)
 A = Elapsed time spent in this place.
 B = Non-inter-level travel time spent in this place.
 C = Inter-level travel time spent in this place.
 D = Time resting spent in this place.
 E = Time spent auto-exploring this place.
 F = Levels seen in this place.
 G = Mean time per level.
                   A        B        C        D        E       F      G
               +--------+--------+--------+--------+--------+-----+--------+
         Total |   3463 |   3397 |     66 |    224 |   1971 |   6 |  577.2 |
       Dungeon |   2784 |   2718 |     66 |    100 |   1857 |   5 |  556.8 |
         Sewer |    679 |    679 |      0 |    124 |    114 |   1 |  679.0 |
               +--------+--------+--------+--------+--------+-----+--------+

Top non-repeatable levels by time:
     D:4: 841 daAuts
     D:1: 692 daAuts
   Sewer: 679 daAuts
     D:2: 625 daAuts
     D:3: 591 daAuts
     D:5: 33 daAuts
